AoeStats
← Shadowsnake

Nomad

510107458Analyzed
2v2 RM · 3d ago on Sep 29, 2026· 48m 34s· 4 players
Game mode
Random Map
Map size
176×176
Population
200
Speed
Normal
Resources
Standard
Victory
Conquest
Starting age
Dark Age
Ending age
Imperial Age
RankedLock teamsTeams togetherTeam positionsShared explorationLock speedFull tech treeHidden civsTurbo modeCheats
Victory
Defeat
🇧🇴 Japanese · Bolivia
1031
+12
🇧🇴 Danes · Bolivia
985
+14
🇦🇺 Danes · Australia
1002
-16
🇺🇸 Bulgarians · United States
864
-10
SHUN
6:37 Loom
19:19 Feudal Age
21:15 Wheelbarrow
32:05 Castle Age
31:06 Forging
31:02 Scale Barding Armor
34:07 Hand Cart
41:18 Imperial Age
40:29 Medium Warships
43:24 Chemistry
44:05 Heavy Warships
43:40 Double-Bit Axe
46:11 Elite Cannon Galleon
OscarNassir
2:48 Loom
13:06 Feudal Age
14:45 Town Watch
20:02 Man-at-Arms
22:05 Fletching
22:15 Padded Archer Armor
26:46 Padded Archer Armor
32:45 Castle Age
33:21 Forging
33:11 Scale Mail Armor
37:40 Wheelbarrow
38:41 Iron Casting
38:21 Chain Mail Armor
38:33 Double-Bit Axe
39:50 Horse Collar
40:07 Gold Mining
44:03 Imperial Age
44:31 Elite Varangian Guard
45:35 Hamask
47:50 Capped Ram
48:49 Arson
Shadowsnake
13:23 Loom
19:14 Feudal Age
23:37 Wheelbarrow
44:45 Horse Collar
44:56 Double-Bit Axe
Crab
6:58 Loom
16:45 Feudal Age
24:12 Wheelbarrow
29:44 Castle Age
33:18 Medium Warships
42:56 Man-at-Arms
43:38 Squires
44:06 Gambesons
45:24 Fishing Lines
47:59 Gillnets
Connection lost

Rejoining the realm…

Still unreachable

The connection could not be restored.

Session expired

The server has moved on; the page needs a fresh start.